[Event "40th Cappelle Open 2024"]
[Site "Cappelle-la-Grande"]
[Date "2024.03.03"]
[Round "2.16"]
[White "Feryn, Benjamin"]
[Black "Firat, Burak"]
[Result "1-0"]
[ECO "C01"]
[WhiteElo "2182"]
[BlackElo "2439"]
[Annotator "RC"]
[PlyCount "111"]
[EventDate "2024.03.02"]
[EventType "swiss"]
[EventCountry "FRA"]
[SourceTitle "playchess.com"]
[Source "ChessBase"]
[SourceQuality "1"]
[TimeControl "40/5400+30:1800+30"]

1. e4 e6 2. d4 d5 3. Bd3 Nc6 4. c3 dxe4 5. Bxe4 Nf6 6. Bg5 Qd6 7. Bxf6 gxf6 8. Nd2 Bd7 9. Ne2 Bh6 10. O-O f5 11. Nc4 Qe7 12. Bf3 O-O 13. b4 b5 14. Ne3 Rad8 15. a4 a6 16. axb5 axb5 17. Ra6 Bxe3 18. fxe3 Nb8 19. Ra5 Nc6 20. Ra6 Nb8 21. Ra5 Qg5 22. Qc1 Rfe8 23. e4 Qxc1 24. Rxc1 fxe4 25. Bxe4 e5 26. d5 f5 27. Bf3 Re7 28. c4 bxc4 29. Rxc4 Be8 30. Nc3 Kf8 31. b5 e4 32. Be2 Rd6 33. Ra7 Nd7 34. Rcxc7 f4 35. Rc6 Rg6 36. Bh5 Rg5 37. Bxe8 f3 38. Rxd7 Rxg2+ 39. Kf1 Rxe8 40. Rxh7 Kg8 41. Rh3 Ra8 42. Rg3+ Rxg3 43. hxg3 e3 44. Ra6 Rc8 45. Ra3 Kg7 46. Ne2 Rc5 47. Rxe3 fxe2+ 48. Kxe2 Rxb5 49. Rd3 Rb7 50. Ke3 Kf6 51. Kd4 Ke7 52. Ke5 Rb1 53. d6+ Kd7 54. g4 Re1+ 55. Kf6 Re6+ 56. Kf5 1-0

[Event "40th Cappelle Open 2024"]
[Site "Cappelle-la-Grande"]
[Date "2024.03.03"]
[Round "2.17"]
[White "Tarhan, Adar"]
[Black "Zienkiewicz, Jan"]
[Result "1-0"]
[ECO "D00"]
[WhiteElo "2432"]
[BlackElo "2218"]
[Annotator "TA"]
[PlyCount "57"]
[EventDate "2024.03.02"]
[EventType "swiss"]
[EventCountry "FRA"]
[SourceTitle "playchess.com"]
[Source "ChessBase"]
[SourceQuality "1"]
[TimeControl "40/5400+30:1800+30"]

1. d4 Nf6 2. Nc3 d5 3. Bf4 a6 4. e3 b5 5. a4 b4 6. Na2 e6 7. Nf3 c5 8. Ne5 {[%emt 0:04:54] The position is equal.} Nbd7 9. Bd3 ({Better is} 9. Be2 $15) 9... Nxe5 10. Bxe5 Nd7 11. Bg3 Qb6 12. c3 a5 13. dxc5 Nxc5 14. Bb5+ Bd7 15. cxb4 (15. Bxd7+ {simplifies} Nxd7 16. O-O h5 17. cxb4 axb4 18. Rc1) 15... axb4 16. Bxd7+ Kxd7 17. O-O Rxa4 {[%emt 0:09:46] [#] aiming for ...Qa5.} 18. e4 $1 Qa5 $2 (18... Be7 $11 {and Black has nothing to worry.} 19. b3 (19. exd5 Rha8 $17) 19... Ra5 20. exd5 Rha8 21. dxe6+ Ke8 22. exf7+ Kf8) 19. exd5 $1 $18 Rxa2 $2 {[%emt 0:02:48] This costs Black the game.} (19... f6 $16) 20. dxe6+ {[%emt 0:00:03] White is clearly winning.} Kc6 {[%emt 0:02:45] White must now prevent ...Rxa1.} 21. Qf3+ (21. exf7 $2 {perishes.} Rxa1 22. Qxa1 Qxa1 23. Rxa1 Nd7 $19) 21... Kb5 22. Qe2+ Kc6 23. Rac1 Qb5 24. Qf3+ Kb6 25. Qd5 ({Weaker is} 25. Qxf7 Ra7 26. Qf3 Be7 $11) 25... Ra7 26. Qd8+ Kc6 27. e7 Rxe7 28. Qd6+ Kb7 29. Rxc5 {[%emt 0:00:11] Weighted Error Value: White=0.48/Black=0.66.  Loses game:     	---       	Black=2      Mistake:       	White=1     	---        Inaccurate:     	White=1     	Black=3      OK:         	White=6     	Black=4      Best:        	White=2     	Black=1      Strong:       	White=2     	---} 1-0

[Event "40th Cappelle Open 2024"]
[Site "Cappelle-la-Grande"]
[Date "2024.03.03"]
[Round "2.18"]
[White "Mannion, Stephen R"]
[Black "Enchev, Ivajlo"]
[Result "0-1"]
[ECO "B12"]
[WhiteElo "2166"]
[BlackElo "2425"]
[Annotator "TA"]
[PlyCount "98"]
[EventDate "2024.03.02"]
[EventType "swiss"]
[EventCountry "FRA"]
[SourceTitle "playchess.com"]
[Source "ChessBase"]
[SourceQuality "1"]
[TimeControl "40/5400+30:1800+30"]

1. e4 c6 2. d4 d5 3. e5 Bf5 4. Nf3 e6 5. Be2 Nd7 6. O-O Ne7 7. c3 h6 8. Na3 g5 9. Nc2 Bg7 10. Ne3 Be4 {[%emt 0:02:41] White is slightly better.} 11. Bd3 Bxd3 12. Qxd3 Ng6 13. g3 Qe7 14. b4 O-O 15. a4 f5 16. Ng2 b6 17. h4 g4 18. Nfe1 c5 (18... a5 $14) 19. bxc5 $1 $16 bxc5 20. Nf4 (20. h5 $1 $16 Ngxe5 21. dxe5) 20... Nxf4 $11 21. Bxf4 c4 22. Qd2 Kh7 23. Nc2 Rfb8 24. Nb4 {[%emt 0:00:00] Nc6 is the strong threat.} Qe8 25. a5 (25. Qc2 $5) 25... Bf8 26. Rfb1 Qc8 $2 (26... a6 $11) 27. Qc2 $2 (27. Nxd5 $1 $18 {And now Ne3 would win.} Rxb1+ 28. Rxb1 exd5 29. Qc2) 27... Bxb4 28. Rxb4 ({Much worse is} 28. cxb4 Rb5 $15) 28... Rxb4 29. cxb4 Rb8 30. Bd2 (30. a6 $1 $11 {remains equal.}) 30... Rb5 (30... a6 $1 $17) 31. Bc3 (31. a6 $15) 31... Nb8 ({Black should try} 31... a6 $1 $17 32. Bd2 Nb8) 32. Qd2 (32. a6 $1 $15) 32... Nc6 (32... a6 $1 $19 33. Qe3 Nc6) 33. Ra4 (33. a6 $17 {might work better.}) 33... Qf8 34. Kg2 {[%emt 0:00:31] White is weak on the light squares} (34. a6 $17) 34... a6 $1 $19 35. Kh2 Rb7 36. Kg2 Rf7 {[%emt 0:03:19] White must now prevent ...f4.} 37. Qf4 Ne7 $2 (37... Na7 $19 {aiming for ...Nb5.} 38. b5 Nxb5) 38. Ra2 (38. b5 $1 $11) 38... Ng6 $36 {[%emt 0:00:49][%mdl 2048] Keeping White busy.} 39. Qc1 f4 ({Black should play} 39... Rb7 $1 $17 {...f4 would now be deadly.} 40. Kg1 h5) 40. Qb1 $2 {[%emt 0:02:43] [#]} (40. b5 $11 {and White is okay.} axb5 41. a6 fxg3 42. fxg3) 40... h5 $1 $19 41. b5 {[%emt 0:09:24] [#]} Rb7 $1 42. Bb4 Rxb5 43. Qxg6+ (43. Rb2 $142 Qf5 44. Qe1) 43... Kxg6 44. Bxf8 {[%emt 0:00:06][%mdl 4096] Endgame. KRB-KR} f3+ 45. Kh2 Rb1 46. Rc2 Kf5 47. Bh6 Ke4 48. Be3 Kd3 49. Ra2 Kc3 {[%emt 0:00:10] Weighted Error Value: White=0.69/Black=0.35.  Loses game:     	White=1     	Black=1      Missed win:     	White=1     	Black=1      Mistake:       	White=8     	Black=5      Inaccurate:     	White=1     	Black=1      OK:         	White=7     	Black=13     Best:        	White=1     	Black=1      Strong:       	White=1     	Black=2} 0-1

[Event "40th Cappelle Open 2024"]
[Site "Cappelle-la-Grande"]
[Date "2024.03.04"]
[Round "3.1"]
[White "Puranik, Abhimanyu"]
[Black "Pacher, Milan"]
[Result "1-0"]
[ECO "B30"]
[WhiteElo "2618"]
[BlackElo "2393"]
[Annotator "TA"]
[PlyCount "39"]
[EventDate "2024.03.02"]
[EventType "swiss"]
[EventCountry "FRA"]
[SourceTitle "playchess.com"]
[Source "ChessBase"]
[SourceQuality "1"]
[TimeControl "40/5400+30:1800+30"]

1. e4 c5 2. Nf3 Nc6 3. Bb5 Nf6 4. Nc3 g6 5. e5 Ng4 6. Bxc6 dxc6 7. Qe2 Bg7 8. h3 Nh6 9. g4 {[%emt 0:00:03] Repels Nf5. White has an edge.} O-O $1 10. d3 f5 11. g5 Nf7 12. Bf4 $36 {[%emt 0:00:04][%mdl 2048] White is more active.} Be6 (12... Qa5 $11) 13. h4 $14 b5 (13... Qd7 $14 {feels stronger.}) 14. h5 $16 {[%emt 0:06:32] And now Nh4 would win.} a5 $2 {[%emt 0:02:46] [#] This costs Black the game.} (14... Re8 $16) 15. Nh4 $1 $18 b4 $2 (15... Nh8 16. h6 Bxh6 17. gxh6 a4) 16. hxg6 {[%emt 0:03:39] White is clearly winning.} hxg6 17. Nxg6 bxc3 18. Qh5 Nxg5 19. Bxg5 cxb2 20. Rb1 {[%emt 0:00:22] Weighted Error Value: White=0.08 (flawless) /Black=0.85.  Loses game:     	---       	Black=1      Mistake:       	---       	Black=3      OK:         	White=1     	Black=4      Best:        	White=3     	---        Strong:       	White=1     	Black=1} ({Not} 20. Nxe7+ Qxe7 21. Rd1 (21. Qh7+ Kf7 $11) 21... Qd7 22. Qh7+ Kf7 23. Qh5+ Kg8 24. Qh7+ Kf7 25. Qh5+ Kg8 $11) 1-0

[Event "40th Cappelle Open 2024"]
[Site "Cappelle-la-Grande"]
[Date "2024.03.04"]
[Round "3.2"]
[White "Sasikiran, Krishnan"]
[Black "Tahay, Alexis"]
[Result "1-0"]
[ECO "E04"]
[WhiteElo "2578"]
[BlackElo "2382"]
[Annotator "TA"]
[PlyCount "55"]
[EventDate "2024.03.02"]
[EventType "swiss"]
[EventCountry "FRA"]
[SourceTitle "playchess.com"]
[Source "ChessBase"]
[SourceQuality "1"]
[TimeControl "40/5400+30:1800+30"]

1. d4 Nf6 2. c4 e6 3. g3 d5 4. Bg2 dxc4 5. Nf3 Bb4+ 6. Bd2 a5 7. a3 Bxd2+ 8. Nbxd2 b5 9. b3 $1 {[%emt 0:01:09] The position is equal.} cxb3 10. Qxb3 c6 11. O-O O-O 12. Rfc1 {[%emt 0:01:55][%mdl 1024] White has compensation.} Bb7 13. Qb2 a4 14. Ne5 Qb6 15. Rab1 Rc8 16. Ne4 Nxe4 17. Bxe4 Na6 18. Qc2 {[%emt 0:12:46] White has more active pieces.} (18. e3 $16) 18... Rc7 $2 {[%emt 0:12:55][%mdl 8192] Black cannot hold the game after this.} (18... Qxd4 $11 {and Black has nothing to worry.} 19. Bxh7+ Kf8 20. Nxf7 Kxf7) 19. Bxh7+ $18 (19. Bxc6 $2 Rac8 $19) 19... Kf8 (19... Kh8 $142) 20. Qe4 {[%emt 0:03:03] [#] Strongly threatening Qh4.} Rd8 21. Rd1 ({Don't do} 21. Qh4 Qxd4 22. Be4 g6 $18) 21... g5 {[%emt 0:01:25] Repels Qh4} ({Don't go for} 21... c5 $2 22. Qh4 Rd5 23. Be4 $18) (21... Rcd7) 22. Qf3 {[%emt 0:04:41] White is clearly winning.} Kg7 {[%emt 0:02:58] Prevents Qf6+} 23. Qh5 Rxd4 24. Bc2 c5 25. Qxg5+ Kf8 26. Rxd4 cxd4 27. Qd8+ Kg7 28. Nd7 {[%emt 0:00:13] Weighted Error Value: White=0.14 (very precise) /Black=0.41.  Loses game:     	---       	Black=1      Mistake:       	White=1     	Black=2      Inaccurate:     	---       	Black=2      OK:         	White=4     	Black=5      Best:        	White=3     	Black=1      Strong:       	White=1     	---} 1-0

[Event "40th Cappelle Open 2024"]
[Site "Cappelle-la-Grande"]
[Date "2024.03.04"]
[Round "3.3"]
[White "Riff, Jean-Noel"]
[Black "Can, Emre"]
[Result "1/2-1/2"]
[ECO "B51"]
[WhiteElo "2401"]
[BlackElo "2551"]
[Annotator "RC"]
[PlyCount "41"]
[EventDate "2024.03.02"]
[EventType "swiss"]
[EventCountry "FRA"]
[SourceTitle "playchess.com"]
[Source "ChessBase"]
[SourceQuality "1"]
[TimeControl "40/5400+30:1800+30"]

1. e4 c5 2. Nf3 d6 3. Bb5+ Nd7 4. Ba4 Ngf6 5. O-O e6 6. c4 Be7 7. Nc3 O-O 8. d4 cxd4 9. Qxd4 Qc7 10. Rd1 a6 11. Bxd7 Bxd7 12. Bf4 Bc6 13. Bxd6 Bxd6 14. Qxd6 Qxd6 15. Rxd6 Bxe4 16. Ne5 Rac8 17. f3 Rc5 18. Nd7 Nxd7 19. Nxe4 Rc7 20. b3 Re8 21. Rad1 1/2-1/2

[Event "40th Cappelle Open 2024"]
[Site "Cappelle-la-Grande"]
[Date "2024.03.04"]
[Round "3.4"]
[White "Zylka, Stanislaw"]
[Black "Valsecchi, Alessio"]
[Result "1/2-1/2"]
[ECO "D30"]
[WhiteElo "2401"]
[BlackElo "2490"]
[Annotator "TA"]
[PlyCount "88"]
[EventDate "2024.03.02"]
[EventType "swiss"]
[EventCountry "FRA"]
[SourceTitle "playchess.com"]
[Source "ChessBase"]
[SourceQuality "1"]
[TimeControl "40/5400+30:1800+30"]

1. d4 d5 2. c4 e6 3. Nf3 Nd7 4. g3 dxc4 5. Bg2 Rb8 6. O-O b5 7. b3 Ngf6 8. bxc4 {[%emt 0:00:41] Die Stellung ist ausgeglichen.} bxc4 9. Qc2 Ba6 10. Rd1 {[%emt 0:01:48][%mdl 1024] Weiss hat Kompensation.} Nd5 11. a3 Be7 12. e4 N5b6 (12... N5f6 $11) 13. a4 $16 O-O 14. Nc3 (14. Na3 $16) 14... Bb4 15. Bf4 Nc8 (15... Bb7 $142) 16. Nb5 Bd6 (16... Rxb5 $16 {war nötig.} 17. axb5 Bxb5) 17. Bg5 $2 (17. Qxc4 Bxf4 18. gxf4 Bxb5 19. axb5 Nd6 $14) ({Weiss braucht} 17. e5 $18 Be7 18. d5 (18. Qxc4 Rb7 $16) 18... exd5 19. Nfd4 (19. Rxd5 c6 $16) 19... Rxb5 (19... Bxb5 $2 20. axb5 Qe8 21. Bxd5 $18) 20. axb5) 17... f6 (17... Be7 $14 18. Bf4 Rb7 (18... Bxb5 19. axb5 g5 20. Be3 $18)) 18. Be3 Ndb6 19. Bh3 Qe8 20. e5 Bb7 (20... Bxb5 $16 21. axb5 (21. exd6 Bd7 $11) 21... Bb4) 21. exd6 Bxf3 22. Nxc7 (22. dxc7 $142 Rb7 23. d5 Bxd1 24. Rxd1 exd5 25. Bc5) 22... Qh5 23. Bxe6+ Kh8 {[%emt 0:00:02] [#] Schwarz hat schwache schwarze Felder} 24. a5 $2 {[%emt 0:04:38][%mdl 8192] Das Brett brennt. Aktives Gegenspiel!} f5 $1 $17 25. h4 {[%emt 0:00:14] [#] Schwarz muss nun Re1 beachten.} (25. axb6 $2 Qh3 26. Bxc8 Qg2#) 25... Be4 $1 26. Qxe4 fxe4 27. axb6 Nxb6 (27... axb6 $19 28. d7 Nd6) 28. Re1 Rbd8 29. Rxa7 ({Vergiftet wäre} 29. Bf4 $2 Rxf4 30. gxf4 Rxd6 (30... Qxh4 $2 31. Rxe4 Rxd6 32. Bh3 $19) 31. Rxa7 Rxe6 (31... Qxh4 $2 32. Rb7 $19) (31... Qg6+ $2 32. Kf1 $19) 32. Nxe6 Qg4+ (32... Qxh4 33. Rxg7 c3 34. Rxe4 $11) 33. Kf1 Qxe6 $19) 29... Rxd6 {[%emt 0:03:02][%cal Ob6a8] Und ...Na8! würde nun gewinnen.} 30. d5 (30. Bh3 $17 {war angesagt.}) 30... Nd7 (30... c3 $19 31. Nb5 Rxe6 32. dxe6 Qxb5) 31. Nb5 $1 $15 Rxd5 32. Bxd7 {[%emt 0:00:30] [#]} Rxd7 $1 33. Rxd7 Qxb5 34. Red1 Qa4 (34... c3 $15 35. Rc7 h6) 35. R1d4 $11 Qc6 {[%emt 0:01:31] ...c3 ist eine echte Drohung.} 36. Bf4 $2 {[%emt 0:01:53] [#]} (36. R4d6 $11 {und Weiss steht sicher.} Qa4 37. Rc7) 36... c3 $2 (36... e3 $1 $19 {[%cal Re3e2] Und jetzt ...e2 wäre schön.} 37. Bxe3 c3) 37. Rc7 Qb6 38. Rdc4 (38. Rdd7 $1 $11) 38... h6 $15 39. Rxc3 Qe6 40. Be3 Rd8 $1 41. Rc1 Qg4 42. Bf4 Re8 ({Günstiger ist} 42... Rd1+ $15 43. Rxd1 Qxd1+ 44. Kh2 Qg4) 43. Be3 $11 Rd8 (43... Rb8 $11) 44. Bf4 $1 $15 Re8 {[%emt 0:00:07] Pariert Re7. Weiß willigt fröhlich ins Remis ein.   Gewichteter Fehlerwert: Weiß=0.35/Schwarz=0.35.  Verlustzug:     	Weiß=1     	---        Gewinn verpasst:   	Weiß=1     	Schwarz=1     Fehler:       	Weiß=5     	Schwarz=11    Ungenau:       	Weiß=2     	Schwarz=5     OK:         	Weiß=12    	Schwarz=10    Bester:       	Weiß=2     	Schwarz=5     Stark:        	Weiß=2     	Schwarz=3     Brilliant:      	---       	Schwarz=1} ({Vorzuziehen ist} 44... Rd1+ $15 45. Rxd1 Qxd1+ 46. Kh2 Qh5) 1/2-1/2

[Event "40th Cappelle Open 2024"]
[Site "Cappelle-la-Grande"]
[Date "2024.03.04"]
[Round "3.5"]
[White "Vlachos, Anatole"]
[Black "Molenda, Marcin"]
[Result "1-0"]
[ECO "C54"]
[WhiteElo "2479"]
[BlackElo "2377"]
[Annotator "TA"]
[PlyCount "67"]
[EventDate "2024.03.02"]
[EventType "swiss"]
[EventCountry "FRA"]
[SourceTitle "playchess.com"]
[Source "ChessBase"]
[SourceQuality "1"]
[TimeControl "40/5400+30:1800+30"]

1. e4 e5 2. Nf3 Nc6 3. Bc4 Bc5 4. d3 Nf6 5. Bg5 h6 6. Bh4 d6 7. c3 g5 8. Bg3 $1 Qe7 9. Nbd2 a5 10. Nf1 Be6 {[%emt 0:04:29] ...Bxc4 is the strong threat. The position is equal.} 11. Bxe6 (11. Bb5 {was preferrable.}) 11... fxe6 12. Ne3 h5 {[%emt 0:02:25] [#] Threatens to win with ...h4.} 13. h4 g4 14. Ng5 Nh7 15. Nxh7 Qxh7 16. O-O O-O 17. Nc2 Qg7 18. Qd2 a4 19. Rad1 Bb6 20. d4 Ra5 21. Kh2 exd4 22. Nxd4 Bxd4 (22... Nxd4 $11 23. cxd4 Qg6) 23. cxd4 $14 {[%emt 0:00:02] Black must now prevent d5.} Rb5 24. Qc3 Rf7 {[%emt 0:00:59] [#]} (24... Kh7 $14 {is more appropriate.}) 25. Qc4 $1 $16 Rxb2 26. Qxe6 Nxd4 27. Qe8+ Rf8 28. Qxa4 ({Of course not} 28. Qxh5 $6 Rb5 29. e5 Rf5 30. Qe8+ Rf8 $11) 28... Ne2 29. e5 Nxg3 $4 {[%emt 0:04:38][%mdl 8192] This move loses the game for Black.} (29... dxe5 $16 30. Qa3 Rb6) 30. fxg3 $18 Rxf1 31. Rxf1 Qxe5 32. Qa8+ {[%emt 0:00:34] White mates.} Kg7 33. Qf8+ Kg6 34. Qf7+ {[%emt 0:00:10] Weighted Error Value: White=0.09 (flawless) /Black=0.41.  Loses game:     	---       	Black=1      Mistake:       	White=1     	Black=2      Inaccurate:     	White=2     	Black=3      OK:         	White=10    	Black=7      Best:        	White=1     	Black=1      Strong:       	White=1     	---} 1-0

[Event "40th Cappelle Open 2024"]
[Site "Cappelle-la-Grande"]
[Date "2024.03.04"]
[Round "3.6"]
[White "Samani, Yamac"]
[Black "Velten, Paul"]
[Result "1/2-1/2"]
[ECO "C10"]
[WhiteElo "2378"]
[BlackElo "2475"]
[Annotator "TA"]
[PlyCount "39"]
[EventDate "2024.03.02"]
[EventType "swiss"]
[EventCountry "FRA"]
[SourceTitle "playchess.com"]
[Source "ChessBase"]
[SourceQuality "1"]
[TimeControl "40/5400+30:1800+30"]

1. e4 e6 2. d4 d5 3. Nc3 Nc6 4. e5 Nge7 5. Nf3 b6 6. h4 Qd7 7. h5 h6 8. a3 {[%emt 0:13:19][%cal Ba2a3,Ba3a4][%mdl 32] White is slightly better.} a5 9. Bf4 {[%emt 0:05:02] White is more active.} Ba6 10. Nb5 Nb8 11. a4 Nec6 12. c3 Na7 13. Nxa7 Bxf1 14. Kxf1 Rxa7 15. g3 c5 {[%emt 0:02:54] The position is equal.} 16. Kg2 Be7 17. Qe2 Nc6 18. g4 Rc7 19. Rhc1 O-O 20. Qb5 {[%emt 0:00:10] Weighted Error Value: White=0.13 (very precise) /Black=0.08 (flawless) .  Inaccurate:     	White=4     	Black=2      OK:         	White=2     	Black=7} 1/2-1/2

[Event "40th Cappelle Open 2024"]
[Site "Cappelle-la-Grande"]
[Date "2024.03.04"]
[Round "3.7"]
[White "Barp, Alberto"]
[Black "Lucas, Arthur"]
[Result "1-0"]
[ECO "D25"]
[WhiteElo "2449"]
[BlackElo "2341"]
[Annotator "TA"]
[PlyCount "81"]
[EventDate "2024.03.02"]
[EventType "swiss"]
[EventCountry "FRA"]
[SourceTitle "playchess.com"]
[Source "ChessBase"]
[SourceQuality "1"]
[TimeControl "40/5400+30:1800+30"]

1. d4 d5 2. c4 dxc4 3. Nf3 Nf6 4. e3 b5 5. a4 c6 6. b3 e6 7. bxc4 bxc4 8. Bxc4 {[%emt 0:00:17] White has an edge.} Bb4+ 9. Bd2 c5 10. O-O O-O 11. Qe2 Nc6 12. Bb5 Bb7 13. Rc1 Na5 (13... Qd6 $11) 14. dxc5 $14 Bxf3 15. gxf3 Nb3 16. Bxb4 {[%emt 0:00:17][%cal Ob1d2] Strongly threatening Nd2!} Nxc1 17. Qc2 {[%emt 0:00:39][%cal Oc5c6] c6! is the strong threat.} Nd5 $1 18. Be1 (18. Bd2 $14) 18... Qg5+ $11 19. Kf1 {[%emt 0:01:20] [#]} (19. Kh1 $11 Qf6 20. Ra3 Qxf3+ 21. Kg1 Qg4+ 22. Kh1) 19... Qxe3 $1 $15 20. Ra3 $1 ({Don't blunder} 20. Nd2 $2 Qh6 21. f4 (21. Qxc1 $2 Nf4 22. Ne4 Qh3+ 23. Kg1 Qg2#) 21... Nxf4 $19) 20... Qh6 21. Bd2 $1 Qxh2 ({Not} 21... Qh3+ 22. Kg1 $16) 22. Bxc1 {[%emt 0:05:17] This pair of bishops is nice.} Nb4 ({Black should try} 22... Rfd8 $1 $17 {White must now prevent ...a6.} 23. Rb3 Rac8) 23. Qc4 Rfd8 24. Bd2 a5 {[%emt 0:03:09] And now ...Qh1+ would win.} 25. Ke2 Qe5+ (25... Qh1 $11 26. Qe4 Rd5) 26. Re3 $16 {[%emt 0:00:26] The board is on fire.} Qb2 27. Rb3 ({Better is} 27. Qb3 $1 $18 Qd4 28. c6) 27... Qe5+ {[%emt 0:01:39] [#]} 28. Be3 $1 Rac8 29. Nd2 Nd5 {[%emt 0:00:28] [#]} 30. c6 $1 Nxe3 (30... h5 $16 {was worth a try.} 31. Rd3 g5) 31. Rxe3 $18 Qb2 (31... Qc7 {might work better.} 32. Qh4 Rd5) 32. Qc3 Qa2 (32... Qxc3 33. Rxc3 Rc7) 33. Rd3 Rxd3 34. Qxd3 Qb2 35. Qd6 {[%emt 0:01:11] Repels Qe5+} Qc3 36. Nc4 Qc2+ 37. Qd2 Qf5 38. c7 $2 $40 {[%emt 0:02:02][%mdl 128] Black is in trouble.} (38. Ba6 $18 {has better winning chances.} Rf8 39. c7 (39. Qxa5 Qc2+ 40. Ke3 Qb3+ 41. Kd2 g6 $18)) 38... Qc5 $2 (38... Qd5 $16) 39. Qd8+ Qf8 40. Qd7 {[%emt 0:00:11][%cal Oc4d6] Threatening mate with Nd6!} g6 41. Nd6 {[%emt 0:31:16] Weighted Error Value: White=0.27 (precise) /Black=0.53.  Mistake:       	White=3     	Black=6      Inaccurate:     	White=2     	Black=1      OK:         	White=6     	Black=10     Best:        	White=3     	Black=2      Strong:       	White=4     	Black=1      Brilliant:      	---       	Black=1} 1-0

[Event "40th Cappelle Open 2024"]
[Site "Cappelle-la-Grande"]
[Date "2024.03.04"]
[Round "3.8"]
[White "Nanjo, Ryosuke"]
[Black "Degraeve, Remy"]
[Result "1-0"]
[ECO "C79"]
[WhiteElo "2346"]
[BlackElo "2447"]
[Annotator "TA"]
[PlyCount "47"]
[EventDate "2024.03.02"]
[EventType "swiss"]
[EventCountry "FRA"]
[SourceTitle "playchess.com"]
[Source "ChessBase"]
[SourceQuality "1"]
[TimeControl "40/5400+30:1800+30"]

1. e4 e5 2. Nf3 Nc6 3. Bb5 a6 4. Ba4 Nf6 5. O-O d6 6. Re1 Bd7 7. c3 g6 8. d4 Bg7 9. Nbd2 O-O 10. dxe5 Nxe5 11. Nxe5 {[%emt 0:00:37] The position is equal.} dxe5 12. Bxd7 Nxd7 13. Nb3 Qe7 14. Be3 Rad8 15. Qe2 Kh8 16. Rad1 f5 17. f3 {[%emt 0:02:02] White has more active pieces.} ({White should play} 17. exf5 $16 gxf5 18. f4) 17... f4 18. Bf2 g5 19. Rd3 Bf6 20. Red1 {[%emt 0:01:39] And now Na5 would win.} Qe6 21. R1d2 {[%emt 0:07:33] [#] Qd1 is the strong threat.} Nb6 22. Bxb6 Qxb6+ 23. Qf2 {[%emt 0:00:06] Strongly threatening Qxb6.} Qe6 {[%emt 0:01:02] [#]} (23... Rxd3 $14 24. Qxb6 (24. Rxd3 Rd8 $16) 24... Rxd2 25. Qxc7 (25. Qxb7 Rxb2 26. Qxa6 g4 $15) 25... Rd1+ 26. Kf2 Rb1) 24. Nc5 $1 {[%emt 0:20:51][%csl LRb7,LRe6] Weighted Error Value: White=0.15 (very precise) /Black=0.22 (precise) .  Mistake:       	White=1     	Black=1      Inaccurate:     	White=1     	Black=5      OK:         	White=2     	Black=1      Strong:       	White=1     	---} 1-0